 Dungeon Crawl Stone Soup version 0.31-a0-180-g519b7de00c (webtiles) character file.

Game seed: 3553554848626478471

39 BlueFish the Charlatan (level 3, 0/29 HPs)
             Began as a Draconian Artificer on June 19, 2023.
             Slain by Sigmund
             ... wielding a +0 scythe
              (7 damage)
             ... on level 2 of the Dungeon.
             The game lasted 00:01:51 (854 turns).

BlueFish the Charlatan (Draconian Artificer)         Turns: 854, Time: 00:01:51

Health: 0/29       AC:  6    Str: 14    XL:     3   Next: 28%
Magic:  3/3        EV: 12    Int: 13    God:
Gold:   38         SH:  0    Dex: 11    Spells: 2/2 levels left

rFire   . . .        h - +0 mace
rCold   . . .        (no shield)
rNeg    . . .        (body armour unavailable)
rPois   .            (helmet restricted)
rElec   .            g - +0 cloak
rCorr   .            (no gloves)
SInv    .            (no boots)
Will    .....        (no amulet)
Stlth   ++           (no ring)
HPRegen 0.24/turn    (no ring)
MPRegen 0.08/turn

%: no passive effects
@: no status effects
A: AC +5, unfitting armour, cold-blooded
a: no special abilities


You were on level 2 of the Dungeon.
You visited 1 branch of the dungeon, and saw 2 of its levels.

You collected 38 gold pieces.

Inventory:

Hand Weapons
 a - a +0 club
 e - a +0 whip
 h - a +0 mace (weapon)
 k - a +0 sling
Armour
 g - a +0 cloak (worn)
Wands
 b - a wand of flame (15) (quivered)
 c - a wand of charming (14)
 d - a wand of iceblast (5)
Scrolls
 f - a scroll of identify {unknown}
 i - a scroll of teleportation {unknown}
 j - a scroll of noise {unknown}


   Skills:
 + Level 1.9 Fighting
 + Level 2.5 Dodging
 + Level 1.7 Stealth
 + Level 3.4 Evocations


You had 2 spell levels left.
You didn't know any spells.
Your spell library was empty.

Dungeon Overview and Level Annotations

Branches:
Dungeon (2/15)

Altars:

Annotations:
D:2 Sigmund


Innate Abilities, Weirdness & Mutations

Your plain brown scales are hard. (AC +5)
You cannot fit into any form of body armour.
You are cold-blooded and may be slowed by cold attacks.


Message History

No target in view!
No target in view!
No target in view!
No target in view!
No target in view!
No target in view!
No target in view!
No target in view!
HP restored.
You open the door.
Sigmund the Dreaded comes into view.
He is wielding a +0 scythe.
Found a scroll labelled BEDENUASCHULA.
There is an open door here.
The helpless Sigmund fails to defend himself.
You hit Sigmund.
Sigmund is lightly wounded.
Sigmund hits you with a +0 scythe.
You barely miss Sigmund.
Sigmund is lightly wounded.
Sigmund hits you with a +0 scythe.
You hit Sigmund.
Sigmund is moderately wounded.
Sigmund hits you with a +0 scythe.
You closely miss Sigmund. You tail-slap Sigmund.
Sigmund is heavily wounded.
Sigmund misses you.
You closely miss Sigmund.
Sigmund is heavily wounded.
Sigmund gestures at you while chanting. You resist with significant effort.
You completely miss Sigmund.
Sigmund is heavily wounded.
Sigmund hits you with a +0 scythe.
You sock Sigmund! You tail-slap Sigmund.
Sigmund is almost dead.
Sigmund points at you and mumbles some strange words.
The puff of flame hits you!
* * * LOW HITPOINT WARNING * * *
Sigmund hits you with a +0 scythe!
You die...

#.# #...# #.# ###...#
#.# #.....# #.#
#.....#
#.###.###.....########
#.....................
#####..#######<.......
####'##### #######.#
#...@....#
#.......@...#
.?.............
......####..... ......
..... ...... ....
...... .... ..... ...


You could see Sigmund.

Vanquished Creatures
  2 dart slugs (D:1)
  3 ball pythons (D:1)
  6 endoplasms
  A giant cockroach (D:1)
  6 goblins (D:1)
  2 hobgoblins (D:1)
  2 quokkas (D:1)
  4 bats (D:1)
  A kobold (D:1)
  3 rats (D:1)
30 creatures vanquished.

Vanquished Creatures (collateral kills)
  A kobold (D:1)
1 creature vanquished.

Vanquished Creatures (others)
  An endoplasm (D:1)
1 creature vanquished.

Grand Total: 32 creatures vanquished

Notes
Turn   | Place    | Note
-------+----------+-------------------------------------------
     0 | D:1      | BlueFish the Draconian Artificer began the quest for the
                  | Orb.
     0 | D:1      | Reached XP level 1. HP: 16/16 MP: 1/1
    40 | D:1      | Reached skill level 1 in Stealth
   152 | D:1      | Reached XP level 2. HP: 15/23 MP: 2/2
   396 | D:1      | Reached XP level 3. HP: 29/29 MP: 3/3
   845 | D:2      | Noticed Sigmund
   854 | D:2      | Slain by Sigmund

Illustrated notes

Levels and vault maps discovered:
D:1:      minmay_arrival_jagged, layout_basic, minmay_tetromino_i4
D:2:      layout_basic, basic_altar, uniq_robin, uniq_natasha, uniq_sigmund

Skill      XL: |  1 |
---------------+----+-----
Stealth        | 1 |  1.7
Fighting       | |  1.9
Dodging        | |  2.5
Evocations     | |  3.4

Action                     || total
---------------------------++-------
  Melee: Club              ||    46
         Tailslap          ||    12
         Whip              ||    41
         Mace              ||    22
  Evoke: Wand              ||     1
   Stab: Sleeping          ||     3
         Distracted        ||     1
 Armour: Skin              ||    44
  Dodge: Dodged            ||    72

Table legend: (Time is in decaauts)
 A = Elapsed time spent in this place.
 B = Non-inter-level travel time spent in this place.
 C = Inter-level travel time spent in this place.
 D = Time resting spent in this place.
 E = Time spent auto-exploring this place.
 F = Levels seen in this place.
 G = Mean time per level.
                   A        B        C        D        E       F      G
               +--------+--------+--------+--------+--------+-----+--------+
         Total |    885 |    856 |     29 |      0 |    473 |   2 |  442.5 |
       Dungeon |    885 |    856 |     29 |      0 |    473 |   2 |  442.5 |
               +--------+--------+--------+--------+--------+-----+--------+

Top non-repeatable levels by time:
     D:1: 848 daAuts
     D:2: 37 daAuts
